AoeStats
← prohea

Black Forest

508167552Analyzed
4v4 RM · 12d ago on Sep 21, 2026· 51m 38s· 8 players
Game mode
Random Map
Map size
Large (8 player)
Population
200
Speed
Normal
Resources
Standard
Victory
Conquest
Starting age
Dark Age
Ending age
Imperial Age
RankedLock teamsTeams togetherTeam positionsShared explorationLock speedFull tech treeHidden civsTurbo modeCheats
Victory
Defeat
🇨🇳 Ethiopians · China
646
+10
🇲🇽 Spanish · Mexico
643
+10
🇷🇺 Burgundians · Russia
625
+11
🇬🇧 Britons · United Kingdom
396
+20
🇵🇪 Franks · Peru
528
-14
🇨🇳 Mongols · China
519
-13
🇷🇺 Bohemians · Russia
509
-13
🇨🇳 Chinese · China
448
-11
瀑布鱼
8:44 Loom
17:30 Feudal Age
18:30 Double-Bit Axe
18:27 Horse Collar
22:32 Stone Mining
28:06 Castle Age
29:20 Bow Saw
34:39 Padded Archer Armor
36:15 Gold Mining
37:22 Leather Archer Armor
37:21 Fortified Wall
38:19 Bloodlines
38:36 Fletching
40:30 Heavy Plow
40:45 Forging
49:08 Imperial Age
48:40 Husbandry
48:50 Scale Barding Armor
kaifanestro
11:32 Loom
14:48 Feudal Age
16:28 Wheelbarrow
15:49 Double-Bit Axe
20:26 Gold Mining
26:08 Castle Age
24:42 Stone Mining
27:35 Hand Cart
28:03 Bow Saw
31:28 Gold Shaft Mining
32:28 Fletching
37:37 Imperial Age
36:16 Bodkin Arrow
36:31 Forging
36:27 Scale Barding Armor
37:02 Coinage
36:35 Caravan
40:32 Banking
40:52 Conscription
40:33 Chivalry
41:02 Chain Barding Armor
41:17 Iron Casting
45:32 Plate Barding Armor
45:58 Blast Furnace
44:59 Scale Mail Armor
45:53 Cavalier
46:33 Husbandry
47:02 Paladin
默认
1:02 Loom
13:58 Feudal Age
15:37 Horse Collar
15:47 Double-Bit Axe
18:21 Wheelbarrow
27:55 Castle Age
27:23 Gold Mining
27:24 Stone Mining
30:16 Hand Cart
34:41 Caravan
35:18 Elite Skirmisher
37:26 Bow Saw
37:24 Heavy Plow
42:27 Stone Shaft Mining
42:27 Gold Shaft Mining
41:59 Padded Archer Armor
41:50 Fletching
45:43 Imperial Age
48:50 Two-Man Saw
48:47 Bodkin Arrow
51:02 Elite Chu Ko Nu
Yakudzzza
0:42 Loom
12:39 Feudal Age
13:59 Wheelbarrow
13:33 Double-Bit Axe
14:00 Town Watch
14:00 Horse Collar
26:02 Castle Age
25:48 Forging
25:39 Scale Mail Armor
25:45 Scale Barding Armor
25:31 Fletching
25:41 Padded Archer Armor
26:59 Hand Cart
27:02 Bow Saw
26:56 Heavy Plow
27:29 Town Patrol
31:47 Fortified Wall
35:10 Imperial Age
33:20 Ballistics
33:12 Masonry
32:36 Pikeman
35:58 Iron Casting
36:55 Two-Man Saw
37:05 Chemistry
37:55 Wagenburg Tactics
39:18 Architecture
38:34 Treadmill Crane
39:17 Halberdier
40:17 Chain Mail Armor
40:51 Squires
40:40 Houfnice
42:29 Blast Furnace
42:09 Siege Engineers
45:02 Arrowslits
45:06 Man-at-Arms
45:33 Arson
46:23 Plate Mail Armor
45:49 Bodkin Arrow
46:10 Leather Archer Armor
angelottis
0:29 Loom
15:25 Feudal Age
15:50 Double-Bit Axe
16:20 Horse Collar
18:54 Wheelbarrow
21:28 Gold Mining
26:10 Castle Age
24:27 Scale Mail Armor
24:50 Stone Mining
25:48 Forging
25:02 Man-at-Arms
26:56 Caravan
27:08 Bow Saw
27:04 Heavy Plow
27:29 Heavy Plow
29:07 Hand Cart
29:07 Pikeman
31:16 Squires
31:33 Chain Mail Armor
31:27 Long Swordsman
32:46 Iron Casting
33:13 Gambesons
39:08 Imperial Age
37:17 Fortified Wall
39:06 Masonry
39:17 Onager
39:19 Two-Handed Swordsman
40:33 Plate Mail Armor
41:03 Blast Furnace
40:24 Conscription
39:44 Halberdier
43:07 Champion
45:48 Arson
49:01 Guilds
LAI32
14:54 Feudal Age
17:37 Double-Bit Axe
18:32 Wheelbarrow
23:05 Gold Mining
23:06 Stone Mining
27:30 Castle Age
26:02 Horse Collar
29:47 Hand Cart
29:37 Heavy Plow
30:16 Gold Shaft Mining
30:17 Stone Shaft Mining
29:59 Bow Saw
35:38 Imperial Age
34:07 Forging
33:57 Scale Mail Armor
34:03 Scale Barding Armor
35:12 Masonry
35:17 Fortified Wall
35:03 Murder Holes
36:20 Elite Shotel Warrior
38:53 Two-Man Saw
41:30 Siege Engineers
41:56 Architecture
42:30 Chemistry
45:34 Iron Casting
45:16 Chain Mail Armor
45:22 Chain Barding Armor
45:03 Padded Archer Armor
44:54 Fletching
45:28 Ballistics
45:00 Heated Shot
48:12 Royal Heirs
48:20 Torsion Engines
49:06 Conscription
prohea
0:30 Loom
11:37 Feudal Age
13:06 Wheelbarrow
12:17 Town Watch
12:58 Double-Bit Axe
18:36 Man-at-Arms
24:53 Castle Age
26:01 Hand Cart
25:47 Town Patrol
27:39 Bow Saw
35:54 Caravan
37:40 Fletching
37:54 Scale Mail Armor
37:55 Padded Archer Armor
38:09 Forging
38:13 Gold Mining
38:21 Stone Mining
41:54 Imperial Age
39:28 Bodkin Arrow
42:49 Elite Longbowman
44:17 Conscription
44:25 Bracer
44:41 Leather Archer Armor
46:38 Warwolf
47:06 Fervor
49:05 Ring Archer Armor
PONI_PAI
0:39 Loom
9:08 Wheelbarrow
8:24 Double-Bit Axe
8:23 Horse Collar
13:23 Feudal Age
15:50 Bow Saw
15:44 Heavy Plow
15:38 Gold Mining
15:56 Stone Mining
17:51 Hand Cart
17:32 Town Watch
21:33 Caravan
23:46 Castle Age
22:13 Scale Barding Armor
22:19 Forging
23:23 Arson
25:14 Town Patrol
26:17 Two-Man Saw
25:49 Crop Rotation
25:58 Gold Shaft Mining
26:01 Stone Shaft Mining
27:20 Cavalier
28:00 Husbandry
35:24 Imperial Age
34:33 Chain Barding Armor
34:49 Iron Casting
34:06 Fletching
34:16 Padded Archer Armor
34:32 Fortified Wall
34:04 Treadmill Crane
37:10 Conscription
36:14 Paladin
38:53 Chemistry
38:14 Ballistics
40:14 Squires
Connection lost

Rejoining the realm…

Still unreachable

The connection could not be restored.

Session expired

The server has moved on; the page needs a fresh start.